[Event "Monday Night Engine Tour 11 rd Swiss 5m+1s Starts at 2200hrs ST"]
[Site "Infinity Chess"]
[Date "2018.4.23"]
[Round "6"]
[White "Dovahkiin"]
[Black "ocirema"]
[Result "1/2-1/2"]
[ECO "B90"]
[WhiteElo "2441"]
[BlackElo "2477"]
[WhiteEngine "BrainFish_180418_x64_modern_CTG"]
[BlackEngine "Eman 1.70-beta21 64-bit POPCNT_CTG"]
[EventType "Swiss"]
[WhiteTeam ""]
[BlackTeam ""]
[PlyCount "156"]
[TimeControl "300+1"]

1. e4 c5 2. Nf3 d6 3. d4 cxd4 4. Nxd4 Nf6 5. Nc3 a6 6. Nb3 e6 7. g4 b5 8. a3 Bb7 
9. Bg2 h6 10. Qe2 Nc6 11. f4 Rc8 12. Bd2 b4 13. axb4 Nxb4 14. O-O-O a5 
15. Qb5+ Bc6 16. Qxa5 Qxa5 17. Nxa5 Ra8 18. Nb3 Nxg4 19. Rde1 Be7 20. Kb1 O-O 
21. Nd4 Bd7 22. Bf3 h5 23. h3 Nf6 24. e5 Nfd5 25. f5 Bh4 26. exd6 Bxe1 
27. Rxe1 Nxc3+ 28. Bxc3 Rab8 29. fxe6 fxe6 30. b3 Rb6 31. Bxh5 Nd5 32. Bb2 Nf4 
33. Bg4 Rxd6 34. Nf3 Ra6 35. Ne5 Be8 36. Rg1 Ra5 37. Nc4 Ra6 38. Be5 Ng6 
39. Bc3 Nf4 40. Be5 Ng6 41. Bc3 Nf4 42. Ne5 Bh5 43. Nd7 Rd8 44. Nf6+ gxf6 
45. Be2+ Kf7 46. Bxa6 Ra8 47. Bc4 Be2 48. Bd2 Bxc4 49. Bxf4 Bd5 50. Bg3 Be4 
51. Kb2 Rg8 52. h4 e5 53. Bf2 Rd8 54. Re1 Bc6 55. Kc1 Rg8 56. Rg1 Ra8 
57. Kb2 Rd8 58. Be1 Be4 59. Rg3 f5 60. Re3 Ke6 61. c4 Rg8 62. Kc3 Ra8 63. h5 Rh8 
64. Rh3 Rh6 65. b4 f4 66. b5 Bg6 67. b6 Kd7 68. Kb4 Bf5 69. Rh2 Rxb6+ 
70. Kc5 Rb1 71. Rd2+ Ke7 72. Bh4+ Kf7 73. Kd6 Rh1 74. Kxe5 Rxh4 75. Kxf5 Rxh5+ 
76. Kg4 Rc5 77. Rd4 f3 78. Kxf3 Re5 1/2-1/2

[Event "Monday Night Engine Tour 11 rd Swiss 5m+1s Starts at 2200hrs ST"]
[Site "Infinity Chess"]
[Date "2018.4.23"]
[Round "6"]
[White "Coco69"]
[Black "gmmarolideus"]
[Result "1/2-1/2"]
[ECO "C16"]
[WhiteElo "2477"]
[BlackElo "2282"]
[WhiteEngine "BrainFish_180418_x64_CTG"]
[BlackEngine "asmFishW_2018-04-07_popcnt_CTG"]
[EventType "Swiss"]
[WhiteTeam ""]
[BlackTeam ""]
[PlyCount "197"]
[TimeControl "300+1"]

1. e4 e6 2. d4 d5 3. Nc3 Bb4 4. e5 Ne7 5. a3 Bxc3+ 6. bxc3 c5 7. Qg4 O-O 
8. Bd3 f5 9. exf6 Rxf6 10. Bg5 Rf7 11. Qh5 g6 12. Qd1 Nbc6 13. Nf3 Qa5 
14. Bd2 c4 15. Be2 Nf5 16. h4 h6 17. a4 Bd7 18. Rb1 b6 19. O-O Nd6 20. Bxh6 Ne4 
21. Bd2 Nxc3 22. Ng5 Rf6 23. Qe1 Nxe2+ 24. Qxe2 Qxa4 25. c3 Qc2 26. f4 Re8 
27. Rbc1 Qd3 28. Qe1 Qf5 29. Qd1 Rff8 30. g4 Qf6 31. Rb1 Qh8 32. Qf3 Nd8 
33. Qg2 Nf7 34. Nf3 Qg7 35. Bc1 Nd6 36. Ne5 Ne4 37. Rb2 Rf6 38. Ra2 a5 
39. Rf3 Qh7 40. Qh2 Re7 41. h5 gxh5 42. g5 Rf5 43. Qb2 Rxe5 44. fxe5 Rf7 
45. Rxf7 Qxf7 46. Qxb6 Kg7 47. g6 Kxg6 48. Rg2+ Kh7 49. Qxa5 Be8 50. Qd8 Qd7 
51. Qh4 Qf7 52. Bd2 Qf8 53. Qh3 Qf7 54. Bc1 Ba4 55. Qe3 Qf8 56. Qe1 Be8 
57. Qe3 Ba4 58. Qe2 Be8 59. Bd2 Qf5 60. Qe3 Qf8 61. Qh3 Qf7 62. Bg5 Qg8 
63. Bc1 Bg6 64. Qe3 Qf8 65. Kh2 Qg7 66. Kg1 Qf8 67. Kh1 Qf1+ 68. Kh2 Qf8 
69. Kh1 Qf1+ 70. Kh2 Qf8 71. Kg1 Qg7 72. Kf1 Qf7+ 73. Ke2 Qf8 74. Ke1 Qg7 
75. Kf1 Qf7+ 76. Ke2 Qf8 77. Ke1 Qg7 78. Qf3 Qe7 79. Qf4 Qg7 80. Bd2 Kg8 
81. Bc1 Kh7 82. Qf3 Kh8 83. Bd2 Kh7 84. Qf4 Kg8 85. Rg1 Kh7 86. Ke2 Kh8 
87. Kd1 Kg8 88. Ke1 Kh8 89. Qf3 Kg8 90. Rg2 Kh7 91. Bg5 Qb7 92. Bc1 Qg7 
93. Bd2 Qb7 94. Qf4 Qg7 95. Kd1 Kh8 96. Ke2 Kh7 97. Rg1 Kh8 98. Rc1 Bh7 99. Be1 
1/2-1/2

[Event "Monday Night Engine Tour 11 rd Swiss 5m+1s Starts at 2200hrs ST"]
[Site "Infinity Chess"]
[Date "2018.4.23"]
[Round "6"]
[White "OlivierEvan"]
[Black "Deep_Impact"]
[Result "1/2-1/2"]
[ECO "D05"]
[WhiteElo "2433"]
[BlackElo "2513"]
[WhiteEngine "Houdini 6"]
[BlackEngine "BrainFish_180411_x64_bmi2"]
[EventType "Swiss"]
[WhiteTeam ""]
[BlackTeam ""]
[PlyCount "94"]
[TimeControl "300+1"]

1. d4 d5 2. Nf3 Nf6 3. e3 e6 4. Bd3 b6 5. O-O Bb7 6. b3 Nbd7 7. Bb2 Bd6 
8. Ne5 O-O 9. Qe2 a5 10. c4 a4 11. bxa4 Bxe5 12. dxe5 Ne4 13. cxd5 exd5 
14. Qc2 Ndc5 15. Bxe4 Nxe4 16. Rd1 Qh4 17. f3 Nc5 18. Nc3 Rfd8 19. Rd4 Qe7 
20. Nb5 Bc6 21. Rg4 Be8 22. e6 Nxe6 23. Nxc7 h5 24. Nxe6 hxg4 25. Nxd8 Qxe3+ 
26. Qf2 Qxf2+ 27. Kxf2 Rxd8 28. fxg4 Bxa4 29. Bd4 Rc8 30. Bxb6 Rc2+ 31. Kf1 f6 
32. a3 Rc4 33. h3 Kf7 34. Rb1 Rc3 35. Bd4 Rxa3 36. Rb7+ Kg6 37. Bc5 Ra1+ 
38. Kf2 Ra2+ 39. Kg3 d4 40. Bf8 Rxg2+ 41. Kh4 f5 42. Rxg7+ Kf6 43. Ra7 fxg4 
44. Rxa4 gxh3 45. Kxh3 Rd2 46. Kh4 Kf5 47. Bd6 Ke4 1/2-1/2

[Event "Monday Night Engine Tour 11 rd Swiss 5m+1s Starts at 2200hrs ST"]
[Site "Infinity Chess"]
[Date "2018.4.23"]
[Round "6"]
[White "star99"]
[Black "Murx"]
[Result "1/2-1/2"]
[ECO "D30"]
[WhiteElo "2456"]
[BlackElo "2550"]
[WhiteEngine "Cryptic Heroes 9.4B"]
[BlackEngine "asmFishW_2018-04-07_popcnt"]
[EventType "Swiss"]
[WhiteTeam ""]
[BlackTeam ""]
[PlyCount "154"]
[TimeControl "300+1"]

1. d4 d5 2. c4 e6 3. Nf3 Nf6 4. Nc3 c6 5. Bg5 h6 6. Bxf6 Qxf6 7. e3 Nd7 
8. Bd3 dxc4 9. Bxc4 g6 10. Qc2 Bg7 11. Rd1 Qe7 12. O-O O-O 13. Be2 b6 
14. Qa4 Bb7 15. Ba6 Bxa6 16. Qxa6 c5 17. Rfe1 Rfd8 18. a3 Qd6 19. Qa4 Qe7 
20. Qa6 Nf6 21. Rd2 Nd5 22. Ne2 Rac8 23. h3 Qc7 24. Rc1 Qb8 25. Rdc2 Rc7 
26. b3 Bf8 27. Ne5 Bd6 28. Nd3 Ne7 29. Ne1 cxd4 30. Rxc7 Bxc7 31. Nxd4 Bh2+ 
32. Kh1 Be5 33. Nef3 Bf6 34. b4 Kg7 35. Kg1 Rd7 36. Qc4 Nf5 37. Nc6 Qd6 
38. a4 a6 39. Qc2 Nh4 40. Ne1 Nf5 41. Nf3 Nh4 42. Ne1 h5 43. g3 Nf5 44. Nf3 Rc7 
45. b5 axb5 46. axb5 Qa3 47. Rd1 Ne7 48. Rb1 Rd7 49. Rb3 Qa4 50. Rb2 Qa1+ 
51. Rb1 Qa3 52. Rb3 Qa4 53. Rb2 Qxc2 54. Rxc2 Nxc6 55. Rxc6 Bd8 56. Rc8 Rd5 
57. e4 Rd1+ 58. Kg2 f6 59. g4 hxg4 60. hxg4 g5 61. Rc2 Kg6 62. Rd2 Rxd2 
63. Nxd2 Be7 64. Nc4 Bc5 65. Kf3 Kf7 66. Kg3 e5 67. Nb2 Ke6 68. Kf3 Bd4 
69. Nc4 Ke7 70. Kg3 Kf7 71. Nd6+ Ke6 72. Nc4 Ke7 73. f3 Bc5 74. Nd2 Kd6 
75. Nc4+ Ke7 76. Nd2 Kd7 77. Nc4 Ke7 1/2-1/2

[Event "Monday Night Engine Tour 11 rd Swiss 5m+1s Starts at 2200hrs ST"]
[Site "Infinity Chess"]
[Date "2018.4.23"]
[Round "6"]
[White "Victorious"]
[Black "Seliga"]
[Result "1/2-1/2"]
[ECO "C50"]
[WhiteElo "2555"]
[BlackElo "2498"]
[WhiteEngine "Cfish_x64_180418_NUMA_ELTO_popcnt"]
[BlackEngine "AsmFish A12_CTG"]
[EventType "Swiss"]
[WhiteTeam ""]
[BlackTeam ""]
[PlyCount "46"]
[TimeControl "300+1"]

1. e4 e5 2. Nf3 Nc6 3. Bc4 Bc5 4. O-O Nf6 5. d3 O-O 6. c3 d6 7. Re1 Bb6 8. h3 h6 
9. Nbd2 a5 10. a4 Be6 11. Ra2 Nh5 12. b3 Qf6 13. Nf1 Rad8 14. Ng5 Qg6 
15. Nxe6 fxe6 16. Qg4 Rf6 17. Qxg6 Rxg6 18. Rc2 Kh7 19. Nh2 Rf8 20. Kf1 Ng3+ 
21. Kg1 Nh5 22. Kf1 Ng3+ 23. Kg1 Nh5 1/2-1/2

[Event "Monday Night Engine Tour 11 rd Swiss 5m+1s Starts at 2200hrs ST"]
[Site "Infinity Chess"]
[Date "2018.4.23"]
[Round "6"]
[White "SkyPilot"]
[Black "MarioDeMonti"]
[Result "1/2-1/2"]
[ECO "C53"]
[WhiteElo "2517"]
[BlackElo "2475"]
[WhiteEngine "stockfish_x64_bmi2_2018_04_07_CTG"]
[BlackEngine "stockfish_x64_bmi2_2018_02_18_CTG"]
[EventType "Swiss"]
[WhiteTeam ""]
[BlackTeam ""]
[PlyCount "51"]
[TimeControl "300+1"]

1. e4 e5 2. Nf3 Nc6 3. Bc4 Bc5 4. c3 Nf6 5. d3 d6 6. O-O O-O 7. Bg5 h6 8. Bh4 a6 
9. Nbd2 Ba7 10. Bb3 Na5 11. Ba4 g5 12. Bg3 Nh5 13. b4 Nxg3 14. hxg3 b5 
15. Bc2 Nc6 16. a4 Bd7 17. Bb3 Bb6 18. axb5 axb5 19. Rxa8 Qxa8 20. Nxg5 hxg5 
21. Qh5 Kg7 22. Qxg5+ Kh7 23. Qh5+ Kg7 24. Qg5+ Kh7 25. Qh5+ Kg7 26. Qg5+ 
1/2-1/2

[Event "Monday Night Engine Tour 11 rd Swiss 5m+1s Starts at 2200hrs ST"]
[Site "Infinity Chess"]
[Date "2018.4.23"]
[Round "5"]
[White "Coco69"]
[Black "Dovahkiin"]
[Result "1/2-1/2"]
[ECO "C77"]
[WhiteElo "2479"]
[BlackElo "2439"]
[WhiteEngine "BrainFish_180418_x64_CTG"]
[BlackEngine "BrainFish_180418_x64_modern_CTG"]
[EventType "Swiss"]
[WhiteTeam ""]
[BlackTeam ""]
[PlyCount "74"]
[TimeControl "300+1"]

1. e4 e5 2. Nf3 Nc6 3. Bb5 a6 4. Ba4 Nf6 5. O-O Be7 6. Re1 b5 7. Bb3 O-O 
8. a4 b4 9. d4 d6 10. dxe5 Nxe5 11. Nxe5 dxe5 12. Qe2 a5 13. Bg5 Qd4 14. c3 Qb6 
15. Bc4 Rb8 16. Be3 Qc6 17. f3 Nh5 18. g3 Qg6 19. Qg2 Rd8 20. cxb4 Bxb4 
21. Rc1 Be6 22. Bxe6 Qxe6 23. Na3 g6 24. Qe2 Ng7 25. Nb5 c6 26. Nc7 Qf6 
27. Na6 Rb7 28. Rc4 Bd2 29. Bxd2 Rxb2 30. Bg5 Rxe2 31. Bxf6 Rdd2 32. h3 Rg2+ 
33. Kf1 Rgf2+ 34. Ke1 Rfe2+ 35. Kf1 Rf2+ 36. Ke1 Rfe2+ 37. Kf1 Rf2+ 1/2-1/2

[Event "Monday Night Engine Tour 11 rd Swiss 5m+1s Starts at 2200hrs ST"]
[Site "Infinity Chess"]
[Date "2018.4.23"]
[Round "5"]
[White "star99"]
[Black "MarioDeMonti"]
[Result "1/2-1/2"]
[ECO "A46"]
[WhiteElo "2455"]
[BlackElo "2476"]
[WhiteEngine "Cryptic Heroes 9.4B"]
[BlackEngine "stockfish_x64_bmi2_2018_02_18_CTG"]
[EventType "Swiss"]
[WhiteTeam ""]
[BlackTeam ""]
[PlyCount "105"]
[TimeControl "300+1"]

1. d4 Nf6 2. Nf3 d5 3. e3 c5 4. c4 e6 5. a3 h6 6. Nc3 dxc4 7. Bxc4 a6 8. O-O b5 
9. Ba2 Bb7 10. Qe2 Qc7 11. Bd2 Nbd7 12. Rac1 Qb6 13. dxc5 Nxc5 14. e4 Ncxe4 
15. Be3 Qd8 16. Nxe4 Nxe4 17. Bd4 Bd6 18. Bb1 Nf6 19. Rfd1 Nd5 20. g3 O-O 
21. Qe4 g6 22. h4 h5 23. Ne5 Qe8 24. Qe2 Rc8 25. Be4 Qe7 26. b4 Bxe5 
27. Bxe5 Rxc1 28. Rxc1 Rd8 29. Bb2 e5 30. Rc5 Kf8 31. Qe1 Rd7 32. Bxd5 Bxd5 
33. Rc8+ Kg7 34. Qxe5+ f6 35. Qxe7+ Rxe7 36. Bc3 Rd7 37. f4 Be4 38. Kf2 Kf7 
39. Ke3 Bf5 40. Rc6 Rd3+ 41. Kf2 Be4 42. Rxf6+ Ke7 43. Be5 Rf3+ 44. Ke1 Rxa3 
45. Rd6 Kf7 46. Kd2 Rxg3 47. Rxa6 Rd3+ 48. Ke2 Rh3 49. Rf6+ Kg8 50. Rb6 Kf7 
51. Rf6+ Ke8 52. Re6+ Kf7 53. Rf6+ 1/2-1/2

[Event "Monday Night Engine Tour 11 rd Swiss 5m+1s Starts at 2200hrs ST"]
[Site "Infinity Chess"]
[Date "2018.4.23"]
[Round "5"]
[White "gmmarolideus"]
[Black "Deep_Impact"]
[Result "1/2-1/2"]
[ECO "C53"]
[WhiteElo "2272"]
[BlackElo "2523"]
[WhiteEngine "asmFishW_2018-04-07_popcnt_CTG"]
[BlackEngine "BrainFish_180411_x64_bmi2"]
[EventType "Swiss"]
[WhiteTeam ""]
[BlackTeam ""]
[PlyCount "129"]
[TimeControl "300+1"]

1. e4 e5 2. Nf3 Nc6 3. Bc4 Bc5 4. c3 Nf6 5. d4 exd4 6. cxd4 Bb4+ 7. Bd2 Bxd2+ 
8. Nbxd2 d5 9. exd5 Nxd5 10. O-O O-O 11. Rc1 Re8 12. Re1 Rxe1+ 13. Qxe1 Nce7 
14. Ne4 c6 15. Ne5 Bf5 16. Bb3 f6 17. Nc4 Rb8 18. Nc5 b6 19. Ne3 Kh8 20. Na6 Rc8 
21. Nb4 Nxe3 22. Qxe3 h6 23. Re1 Rc7 24. h4 a5 25. Nc2 b5 26. Qc3 a4 27. Bf7 Bg6 
28. Bxg6 Nxg6 29. g3 Ne7 30. Qc5 Qd7 31. Nb4 Nf5 32. h5 Kg8 33. Kg2 Rc8 
34. Re4 Kf7 35. b3 axb3 36. axb3 Rc7 37. Re2 Ne7 38. Rc2 Rc8 39. Ra2 Rc7 
40. Nd3 Qg4 41. Nf4 Rd7 42. Kh2 Nd5 43. Ra8 Re7 44. Ra7 Rxa7 45. Qxa7+ Kg8 
46. Qa8+ Kh7 47. Qxc6 Nxf4 48. Qe4+ Kg8 49. gxf4 Qxh5+ 50. Kg3 f5 51. Qd5+ Kh8 
52. f3 Qh1 53. Qxb5 Qg1+ 54. Kh3 Qxd4 55. Qxf5 Qd1 56. Kg2 Qxb3 57. Kg3 Qe3 
58. Qc8+ Kh7 59. Qf5+ Kg8 60. Qd5+ Kh7 61. Qe4+ Qxe4 62. fxe4 Kg6 63. Kh4 Kf6 
64. Kh5 g5 65. f5 1/2-1/2

[Event "Monday Night Engine Tour 11 rd Swiss 5m+1s Starts at 2200hrs ST"]
[Site "Infinity Chess"]
[Date "2018.4.23"]
[Round "5"]
[White "Murx"]
[Black "OlivierEvan"]
[Result "1/2-1/2"]
[ECO "D11"]
[WhiteElo "2555"]
[BlackElo "2428"]
[WhiteEngine "asmFishW_2018-04-07_popcnt"]
[BlackEngine "Houdini 6"]
[EventType "Swiss"]
[WhiteTeam ""]
[BlackTeam ""]
[PlyCount "139"]
[TimeControl "300+1"]

1. d4 d5 2. c4 c6 3. Nf3 Nf6 4. e3 e6 5. Nbd2 c5 6. cxd5 exd5 7. b3 a6 
8. Qc2 cxd4 9. Nxd4 Bd6 10. Bb2 O-O 11. Be2 Re8 12. O-O Bd7 13. Nf5 Bf8 
14. Nf3 Nc6 15. Ng3 Rc8 16. Rac1 d4 17. Rcd1 dxe3 18. Bxf6 gxf6 19. fxe3 Qe7 
20. Bd3 Qxe3+ 21. Kh1 Qh6 22. Bxh7+ Qxh7 23. Qxh7+ Kxh7 24. Rxd7 Re7 
25. Nh5 Rxd7 26. Nxf6+ Kg7 27. Nxd7 Ba3 28. h4 Re8 29. Ng5 Nd8 30. Nf6 Re2 
31. Nge4 Rxa2 32. Rf3 Kh6 33. Rf5 Ne6 34. g4 Bb2 35. Nd5 Ra1+ 36. Kh2 Rd1 
37. Nd6 Kh7 38. Rxf7+ Kh8 39. Rf5 Rd2+ 40. Kg3 Rd3+ 41. Kf2 Rxb3 42. g5 Rd3 
43. h5 Bd4+ 44. Kg2 Bb2 45. Kf2 Bd4+ 46. Kf1 Rd1+ 47. Ke2 Rh1 48. g6 Bc5 
49. Nf7+ Kg7 50. Re5 Nd4+ 51. Kd3 Ba3 52. Nf4 Bc1 53. Kxd4 Bxf4 54. Rf5 Bc1 
55. Nd6 Bb2+ 56. Kd5 Kh6 57. Nf7+ Kg7 58. Ne5 Rh4 59. Nc4 Ba1 60. Rf7+ Kg8 
61. Rf5 Kg7 62. Nd6 Kh6 63. Nf7+ Kg7 64. Rg5 Bf6 65. Rf5 Rxh5 66. Rxh5 Kxg6 
67. Ne5+ Kxh5 68. Nc4 Be7 69. Na5 b6 70. Nc4 1/2-1/2

[Event "Monday Night Engine Tour 11 rd Swiss 5m+1s Starts at 2200hrs ST"]
[Site "Infinity Chess"]
[Date "2018.4.23"]
[Round "5"]
[White "ocirema"]
[Black "Victorious"]
[Result "1/2-1/2 "]
[ECO "D02"]
[WhiteElo "2474"]
[BlackElo "2558"]
[WhiteEngine "Eman 1.70-beta21 64-bit POPCNT_CTG"]
[BlackEngine "Cfish_x64_180418_NUMA_ELTO_popcnt"]
[EventType "Swiss"]
[WhiteTeam ""]
[BlackTeam ""]
[PlyCount "140"]
[TimeControl "300+1"]

1. d4 d5 2. Nf3 Nf6 3. c4 e6 4. g3 Bb4+ 5. Bd2 Be7 6. Qc2 c6 7. Bg2 b6 
8. O-O Bb7 9. Bf4 Nbd7 10. Rd1 Rc8 11. Nc3 dxc4 12. Nd2 Nd5 13. Nxc4 Nxf4 
14. gxf4 Qc7 15. e3 O-O 16. a3 Rfd8 17. Rac1 a5 18. f5 e5 19. Qe4 Bf6 
20. d5 cxd5 21. Nxd5 Bxd5 22. Rxd5 h6 23. Qc2 Bh4 24. Qe4 Bf6 25. h3 a4 
26. Qc2 Nc5 27. Nxb6 Qxb6 28. Rxc5 Rxc5 29. Qxc5 Qxb2 30. Be4 Be7 31. Qc4 Qxa3 
32. Rb1 Bg5 33. Rb7 Rf8 34. Kh2 Qd6 35. Qxa4 Qd2 36. Qc2 Bxe3 37. Qxd2 Bxd2 
38. Bd5 Bf4+ 39. Kg2 e4 40. Bxe4 Rd8 41. Bf3 Rd6 42. Rb8+ Kh7 43. Rb7 Kg8 
44. Rb8+ Kh7 45. Rf8 Rf6 46. Bd5 g6 47. Rxf7+ Rxf7 48. Bxf7 gxf5 49. Bb3 Be5 
50. Bd5 f4 51. Kf3 Kg7 52. Kg4 f3 53. h4 Kf6 54. Kxf3 Bd4 55. Kg3 Ke5 56. Bf7 h5 
57. f3 Ba1 58. Bg6 Bc3 59. Bxh5 Be1+ 60. Kg4 Bd2 61. Bf7 Ba5 62. Bg8 Kf6 
63. Bb3 Be1 64. Bd5 Bd2 65. Bc4 Bc1 66. Bb3 Bd2 67. Bg8 Bc3 68. Bb3 Ba1 
69. Bc2 Bb2 70. Bd3 Bc3 1/2-1/2

[Event "Monday Night Engine Tour 11 rd Swiss 5m+1s Starts at 2200hrs ST"]
[Site "Infinity Chess"]
[Date "2018.4.23"]
[Round "5"]
[White "Seliga"]
[Black "SkyPilot"]
[Result "1/2-1/2"]
[ECO "C50"]
[WhiteElo "2497"]
[BlackElo "2518"]
[WhiteEngine "AsmFish A12_CTG"]
[BlackEngine "stockfish_x64_bmi2_2018_04_07_CTG"]
[EventType "Swiss"]
[WhiteTeam ""]
[BlackTeam ""]
[PlyCount "86"]
[TimeControl "300+1"]

1. e4 e5 2. Nf3 Nc6 3. Bc4 Bc5 4. d3 Nf6 5. O-O d6 6. c3 O-O 7. Bg5 h6 8. Bh4 a5 
9. Nbd2 Ba7 10. Bb3 Be6 11. a4 g5 12. Bg3 Nd7 13. Bxe6 fxe6 14. Qb3 Nc5 
15. Qb5 g4 16. Nh4 Bb6 17. Qc4 Qd7 18. d4 exd4 19. cxd4 Na6 20. Nb3 Nab4 
21. Rad1 Rae8 22. Ng6 Rf7 23. Nc5 Qc8 24. d5 exd5 25. exd5 Ne7 26. Nxe7+ Rexe7 
27. Ne6 Nxd5 28. Nd4 c6 29. Nb5 Qe6 30. Nxd6 Rf6 31. Qc2 Bc7 32. Nc4 Qe4 
33. Qb3 Rfe6 34. Bxc7 Rxc7 35. Nxa5 Nf4 36. f3 Qe2 37. Rf2 Qe5 38. Nxb7 Rd7 
39. Rdf1 Rd3 40. Qc4 Rd4 41. Qb3 Rd3 42. Qc4 Rd4 43. Qb3 Rd3 1/2-1/2

[Event "Monday Night Engine Tour 11 rd Swiss 5m+1s Starts at 2200hrs ST"]
[Site "Infinity Chess"]
[Date "2018.4.23"]
[Round "4"]
[White "Dovahkiin"]
[Black "OlivierEvan"]
[Result "1/2-1/2 "]
[ECO "C02"]
[WhiteElo "2439"]
[BlackElo "2428"]
[WhiteEngine "BrainFish_180418_x64_modern_CTG"]
[BlackEngine "Houdini 6"]
[EventType "Swiss"]
[WhiteTeam ""]
[BlackTeam ""]
[PlyCount "289"]
[TimeControl "300+1"]

1. e4 e6 2. d4 d5 3. e5 c5 4. c3 Nc6 5. Nf3 Qb6 6. a3 c4 7. Nbd2 Na5 8. Be2 Bd7 
9. O-O Ne7 10. Rb1 h6 11. Qc2 Nf5 12. Re1 Be7 13. h3 Nb3 14. Nxb3 Ba4 
15. Nfd2 Bg5 16. Ra1 Bxd2 17. Bxd2 Bxb3 18. Qc1 Ba4 19. Bf4 O-O-O 20. g4 Ne7 
21. Bg3 Rdf8 22. Kh2 Qd8 23. Qd2 Rh7 24. Kg2 Kb8 25. Rh1 b6 26. h4 h5 
27. gxh5 Nf5 28. Rag1 Rfh8 29. Kf1 Rxh5 30. Bxh5 Rxh5 31. Bf4 Qh8 32. Bg5 Qh7 
33. Rg4 Bc2 34. Kg1 Ba4 35. Qe2 Kb7 36. Rh3 Bb3 37. Kh2 Qh8 38. Rg1 Ba4 
39. Kg2 Qh7 40. Rc1 Qh8 41. Rg1 Qh7 42. Rc1 Qh8 43. Kh2 Bb3 44. Rg1 Ba4 
45. Rg4 Bb3 46. Kg2 Ba4 47. Rf4 Qh7 48. Rg4 Qh8 49. Kg1 Bb3 50. Rh2 Rh7 
51. Kh1 Ba2 52. h5 Bb1 53. Qd1 Bd3 54. Rgg2 Qe8 55. b4 Qa8 56. Bf4 a6 57. Kg1 b5 
58. f3 a5 59. Qc1 a4 60. h6 g6 61. Bg5 Qa7 62. Qd2 Kc8 63. Qf2 Kc7 64. Qa2 Kd7 
65. Kf2 Qb6 66. Ke1 Qb8 67. Qd2 Qa7 68. Kd1 Qb8 69. Kc1 Qa7 70. Kb2 Qc7 
71. Qf2 Qa7 72. Rh1 Kc7 73. Qe1 Qb6 74. Qf2 Qa7 75. Rhg1 Kb8 76. Qd2 Kb7 
77. Rh2 Ka6 78. Qe1 Qb8 79. Rhh1 Qc8 80. Qf2 Qc7 81. Rg2 Qc8 82. Rgg1 Qc7 
83. Qd2 Qc8 84. Rh2 Kb6 85. Rhh1 Ka6 86. Qe1 Kb7 87. Rh2 Qc7 88. Rhg2 Kc6 
89. Qd2 Kb7 90. Qf2 Kc8 91. Qe1 Kd7 92. Qd1 Qb8 93. Qc1 Qf8 94. Rh2 Kc8 
95. Rhg2 Kd7 96. Qd1 Qb8 97. Rh1 Ke8 98. Qe1 Kf8 99. Qd1 Ke8 100. Qe1 Kf8 
101. Rhg1 Kg8 102. Qd1 Kf8 103. Ka1 Qc7 104. Rh2 Kg8 105. Bf6 Kf8 106. f4 Ke8 
107. Kb2 Be4 108. Qf1 Kd7 109. Rh3 Qc8 110. Bg5 Qf8 111. Rh2 Kc7 112. Qe1 Kb7 
113. Re2 Bd3 114. Rh2 Be4 115. Rd2 Qc8 116. Ka1 Qa8 117. Rh2 Bd3 118. Qf2 Kc6 
119. Kb2 Kc7 120. Rhh1 Be4 121. Rh2 Bd3 122. Bf6 Qc6 123. Rd1 Kb8 124. Rg1 Kc7 
125. Rh3 Kd7 126. Bg5 Qc7 127. Qh2 Be4 128. Re1 Ke8 129. Bf6 Qa7 130. Qf2 Bd3 
131. Rg1 Be4 132. Bg5 Qc7 133. Rh2 Qc6 134. Rg4 Qc7 135. Rg1 Qc6 136. Qe1 Qc7 
137. Ka1 Kd7 138. Qc1 Qc8 139. Qf1 Bd3 140. Qe1 Qa8 141. Ka2 Be4 142. Qf2 Qb8 
143. Ka1 Qf8 144. Kb2 Kc6 145. Qf1 1/2-1/2

[Event "Monday Night Engine Tour 11 rd Swiss 5m+1s Starts at 2200hrs ST"]
[Site "Infinity Chess"]
[Date "2018.4.23"]
[Round "4"]
[White "gmmarolideus"]
[Black "star99"]
[Result "1/2-1/2"]
[ECO "C58"]
[WhiteElo "2264"]
[BlackElo "2463"]
[WhiteEngine "asmFishW_2018-04-07_popcnt_CTG"]
[BlackEngine "Cryptic Heroes 9.4B"]
[EventType "Swiss"]
[WhiteTeam ""]
[BlackTeam ""]
[PlyCount "101"]
[TimeControl "300+1"]

1. e4 e5 2. Nf3 Nc6 3. Bc4 Nf6 4. Ng5 d5 5. exd5 Na5 6. Bb5+ c6 7. dxc6 bxc6 
8. Qf3 Be7 9. Bd3 O-O 10. Nc3 h6 11. Nge4 Nxe4 12. Bxe4 f5 13. Bxc6 Nxc6 
14. Qxc6 Bd7 15. Qc4+ Rf7 16. Qe2 Bc5 17. O-O Qc7 18. Kh1 Bd4 19. f3 e4 
20. fxe4 Raf8 21. d3 Bxc3 22. bxc3 Qxc3 23. Rb1 fxe4 24. Rxf7 Rxf7 25. Kg1 Bf5 
26. dxe4 Bg4 27. Bd2 Qxc2 28. Qe1 Qxa2 29. h3 Rd7 30. Bc3 Bh5 31. Qf1 Rf7 
32. Qe1 Rd7 33. Kh2 Kh7 34. Rb4 Qe6 35. e5 Rd3 36. Rd4 Rxd4 37. Bxd4 a6 
38. Qe3 Bf7 39. Bc3 Qc4 40. Qg3 Be6 41. Qf3 Qc8 42. Qe3 Kg8 43. Kh1 Qc4 
44. Kg1 Kh7 45. Kh1 Qf1+ 46. Kh2 Bd5 47. Qd2 Qc4 48. Qe3 Be6 49. Qf3 Kg8 
50. Qa8+ Kh7 51. Qf3 1/2-1/2

[Event "Monday Night Engine Tour 11 rd Swiss 5m+1s Starts at 2200hrs ST"]
[Site "Infinity Chess"]
[Date "2018.4.23"]
[Round "4"]
[White "MarioDeMonti"]
[Black "Coco69"]
[Result "1/2-1/2"]
[ECO "D30"]
[WhiteElo "2476"]
[BlackElo "2479"]
[WhiteEngine "stockfish_x64_bmi2_2018_02_18_CTG"]
[BlackEngine "BrainFish_180418_x64_CTG"]
[EventType "Swiss"]
[WhiteTeam ""]
[BlackTeam ""]
[PlyCount "101"]
[TimeControl "300+1"]

1. d4 d5 2. c4 e6 3. Nf3 Nf6 4. Nc3 c6 5. Bg5 h6 6. Bh4 dxc4 7. e4 g5 8. Bg3 b5 
9. Be2 Bb7 10. h4 g4 11. Ne5 Nbd7 12. Nxd7 Qxd7 13. Be5 Qe7 14. O-O Rg8 
15. b3 Rd8 16. Qc2 Nh5 17. bxc4 b4 18. Na4 Qxh4 19. g3 Qg5 20. c5 Bg7 
21. Bxg7 Qxg7 22. Rfd1 Rxd4 23. Rxd4 Qxd4 24. Rd1 Qe5 25. Qd2 Ke7 26. Qd6+ Qxd6 
27. cxd6+ Kd8 28. e5 Rg5 29. Nc5 Ba8 30. Nd3 Bb7 31. Bf1 c5 32. Rc1 Be4 
33. Rxc5 Bxd3 34. Bxd3 f6 35. Rc7 Rxe5 36. Rxa7 b3 37. axb3 f5 38. Bc4 Nf6 
39. Re7 Ne4 40. Rxe6 Rxe6 41. Bxe6 Nxd6 42. b4 Ke7 43. Bd5 Kf6 44. Kf1 Ke5 
45. Bc6 f4 46. gxf4+ Kxf4 47. Kg2 h5 48. b5 Nc4 49. Bd7 Nb6 50. Bxg4 hxg4 
51. Kh2 1/2-1/2

[Event "Monday Night Engine Tour 11 rd Swiss 5m+1s Starts at 2200hrs ST"]
[Site "Infinity Chess"]
[Date "2018.4.23"]
[Round "4"]
[White "ocirema"]
[Black "Seliga"]
[Result "1/2-1/2"]
[ECO "D31"]
[WhiteElo "2473"]
[BlackElo "2498"]
[WhiteEngine "Eman 1.70-beta21 64-bit POPCNT_CTG"]
[BlackEngine "AsmFish A12_CTG"]
[EventType "Swiss"]
[WhiteTeam ""]
[BlackTeam ""]
[PlyCount "123"]
[TimeControl "300+1"]

1. d4 d5 2. c4 e6 3. Nc3 c6 4. e3 Nd7 5. Nf3 Ngf6 6. Bd3 dxc4 7. Bxc4 b5 
8. Bd3 Bb7 9. a3 Bd6 10. O-O O-O 11. Nd2 e5 12. Nce4 Bc7 13. Qc2 Nxe4 
14. Bxe4 exd4 15. Bxh7+ Kh8 16. Bf5 c5 17. Ne4 Re8 18. exd4 Bxh2+ 19. Kxh2 Qh4+ 
20. Kg1 Bxe4 21. Bxe4 Rxe4 22. Bg5 Qh7 23. dxc5 f6 24. f3 Rc4 25. Qxh7+ Kxh7 
26. Be3 Nxc5 27. Rad1 a6 28. b4 Na4 29. Rfe1 Re8 30. Bf2 Rxe1+ 31. Rxe1 Rc6 
32. Bd4 Kg6 33. Kf2 Rc4 34. Ke3 Rc6 35. g4 Nc3 36. Kd3 Nd5 37. Re8 Rc4 
38. Bc5 a5 39. Re4 Nf4+ 40. Ke3 Nd5+ 41. Kd2 axb4 42. Rxc4 bxc4 43. Bxb4 Kf7 
44. f4 g6 45. f5 gxf5 46. gxf5 Ke8 47. Bc3 Ke7 48. Bd4 Kd8 49. a4 Kc7 
50. Kc2 Kc6 51. Kb2 Kb7 52. Bc3 Kc7 53. Bd4 Kd7 54. a5 Kc6 55. a6 Nb4 56. a7 Kb7 
57. Kc3 Nd5+ 58. Kxc4 Ne7 59. Bxf6 Nxf5 60. Bd4 Ka8 61. Bc5 Ng3 62. Kd5 1/2-1/2

[Event "Monday Night Engine Tour 11 rd Swiss 5m+1s Starts at 2200hrs ST"]
[Site "Infinity Chess"]
[Date "2018.4.23"]
[Round "4"]
[White "Victorious"]
[Black "Murx"]
[Result "1/2-1/2"]
[ECO "C50"]
[WhiteElo "2558"]
[BlackElo "2555"]
[WhiteEngine "Cfish_x64_180418_NUMA_ELTO_popcnt"]
[BlackEngine "asmFishW_2018-04-07_popcnt"]
[EventType "Swiss"]
[WhiteTeam ""]
[BlackTeam ""]
[PlyCount "104"]
[TimeControl "300+1"]

1. e4 e5 2. Nf3 Nc6 3. Bc4 Bc5 4. O-O Nf6 5. d3 d6 6. c3 O-O 7. Re1 a5 
8. Nbd2 a4 9. Bb5 Bd7 10. Nf1 Ng4 11. Re2 Ra5 12. Bxc6 Bxc6 13. h3 Nf6 
14. Ng3 h6 15. Bd2 Re8 16. Qc1 Nh7 17. d4 Bb6 18. c4 Ra6 19. dxe5 dxe5 
20. b4 axb3 21. axb3 Rxa1 22. Qxa1 Qd3 23. Kh2 Bd4 24. Qa2 Bc5 25. Qb2 Nf6 
26. Ne1 Qd7 27. Bc3 Bd6 28. f3 Qe6 29. Nd3 Nd7 30. Bb4 g6 31. Rd2 Bxb4 
32. Nxb4 Qf6 33. Qc3 h5 34. Ne2 Nf8 35. Ra2 Qd6 36. Rd2 Qf6 37. Nd5 Bxd5 
38. exd5 Ra8 39. Qe3 Nd7 40. Nc3 h4 41. d6 cxd6 42. Ne4 Qf4+ 43. Qxf4 exf4 
44. Nxd6 Nf6 45. Kg1 Nh5 46. Kf2 Ng3 47. Ke1 b6 48. b4 Ra1+ 49. Rd1 Ra2 
50. Rd2 Ra1+ 51. Rd1 Ra2 52. Rd2 Ra1+ 1/2-1/2